 Dungeon Crawl Stone Soup version 0.29.0-11-gd7f09526c8 (webtiles) character file.

Game seed: 2548511957263571047

48458 DoubleLucky the Pandemonic (level 14, -11/143 HPs)
             Began as a Troll Fighter on Sept 4, 2022.
             Was a High Priest of Makhleb.
             Mangled by a death yak (13 damage)
             ... on level 4 of the Lair of Beasts.
             The game lasted 01:54:04 (19619 turns).

DoubleLucky the Pandemonic (Troll Fighter)         Turns: 19619, Time: 01:54:04

Health: -11/143    AC: 10    Str: 36    XL:     14   Next: 12%
Magic:  22/22      EV:  8    Int: 13    God:    Makhleb [*****.]
Gold:   1496       SH: 15    Dex:  9    Spells: 13/13 levels left

rFire   . . .      SeeInvis +     - Unarmed
rCold   . . .      Faith    .   b - +0 kite shield
rNeg    . . .      Spirit   .   L - +0 acid dragon scales
rPois   .          Reflect  +   (helmet restricted)
rElec   .          Harm     .   h - +0 cloak
rCorr   +          Rampage  .   (gloves unavailable)
Will    +....                   (boots unavailable)
Stlth   +.........              w - amulet of Twilight {Reflect Str+3 Int+7 SH+5}
HPRegen 1.13/turn               B - +6 ring of strength
MPRegen 0.18/turn               C - ring of see invisible

@: unable to drink
A: large, unfitting armour, claws 3, regeneration 1, shaggy fur 1, tough skin 1,
weak 1, inability to drink after injury 1
a: Renounce Religion, Minor Destruction, Lesser Servant of Makhleb, Major
Destruction, Greater Servant of Makhleb


You were on level 4 of the Lair of Beasts.
You worshipped Makhleb.
Makhleb was extremely pleased with you.
You visited 4 branches of the dungeon, and saw 19 of its levels.
You also visited: Sewer, Bailey, Ice Cave and Volcano.

You collected 2016 gold pieces.
You spent 520 gold pieces at shops.

Inventory:

Hand Weapons
 A - the +9 whip of Diur {vorpal, rElec rF+ rC- Str+3}
   (You took it off a kobold brigand on level 10 of the Dungeon)

   It inflicts extra damage upon your enemies.
   Str:       It affects your strength (+3).
   rF:        It protects you from fire.
   rC:        It makes you vulnerable to cold.
   rElec:     It insulates you from electricity.
 E - a +0 hand axe of flaming
Missiles
 a - 4 curare-tipped darts
 e - 23 poisoned darts (quivered)
 f - 251 stones
 q - 4 atropa-tipped darts
 t - a throwing net
 u - 30 boomerangs
 D - 11 large rocks
 K - 2 javelins
Armour
 b - a +0 kite shield (worn)
 h - a +0 cloak (worn)
 o - the +3 hat of Pondering {ponderous, Will+ MP+10 Int+5}
   (You took it off Gastronok on level 1 of the Lair of Beasts)

   Int:       It affects your intelligence (+5).
   MP:        It affects your magic capacity (+10).
   Will:      It increases your willpower.
 L - +0 acid dragon scales (worn)
Jewellery
 i - a ring of flight
 w - the amulet of Twilight (around neck) {Reflect Str+3 Int+7 SH+5}
   (You found it on level 10 of the Dungeon)

   [amulet of reflection]

   It reflects blocked missile attacks.
   Str:       It affects your strength (+3).
   Int:       It affects your intelligence (+7).
   SH:        It affects your SH (+5).
 B - a +6 ring of strength (left claw)
 C - a ring of see invisible (right claw)
 I - an amulet of faith
 N - an amulet of reflection
 P - a ring of poison resistance
Wands
 y - a wand of iceblast (28)
 F - a wand of mindburst (35)
 H - a wand of flame (74)
Scrolls
 k - 2 scrolls of brand weapon
 m - 7 scrolls of teleportation
 n - 2 scrolls of summoning
 p - a scroll of enchant armour {unknown}
 s - 2 scrolls of immolation
 v - 2 scrolls of fog
 x - 2 scrolls of magic mapping
 G - a scroll of noise {unknown}
 J - a scroll of torment {unknown}
Potions
 c - a potion of might
 g - a potion of resistance
 j - 6 potions of curing
 l - 2 potions of haste
 r - a potion of berserk rage {unknown}
 z - 3 potions of mutation
 M - 2 potions of brilliance
 O - 2 potions of magic
 Q - a potion of heal wounds


   Skills:
 - Level 10.0 Fighting
 + Level 7.6 Throwing
 - Level 4.0 Armour
 - Level 2.4 Dodging
 - Level 10.0 Shields
 - Level 12.0 Unarmed Combat
 - Level 12.0 Invocations


You had 13 spell levels left.
You didn't know any spells.
Your spell library contained the following spells:

 Spells                   Type           Power      Damage    Failure   Level
 Beastly Appendage        Tmut           0%         N/A       54%         1
 Sting                    Tmut/Pois      0%         1d3       54%         1
 Ensorcelled Hibernation  Hex/Ice        0%         N/A       69%         2
 Passwall                 Tmut/Erth      0%         N/A       69%         2
 Poisonous Vapours        Pois/Air       0%         N/A       69%         2
 Wereblood                Tmut           0%         N/A       69%         2
 Confusing Touch          Hex            0%         N/A       89%         3
 Gell's Gravitas          Tloc           0%         N/A       89%         3
 Spider Form              Tmut/Pois      0%         N/A       89%         3
 Stone Arrow              Conj/Erth      0%         3d7       89%         3
 Summon Guardian Golem    Hex/Summ       0%         N/A       89%         3
 Swiftness                Air            0%         N/A       89%         3
 Teleport Other           Tloc           0%         N/A       89%         3
 Animate Armour           Summ/Erth      0%         N/A       100%        4
 Fulminant Prism          Conj/Hex       0%         3d6       100%        4
 Iskenderun's Mystic Bla  Conj/Tloc      0%         2d3       100%        4
 Olgreb's Toxic Radiance  Pois           0%         N/A       100%        4
 Blade Hands              Tmut           0%         N/A       100%        5
 Lee's Rapid Deconstruct  Erth           0%         3d5*      100%        5
 Yara's Violent Unravell  Hex/Tmut       0%         3d3       100%        5
 Dispersal                Tloc           0%         N/A       100%        6
 Iron Shot                Conj/Erth      0%         9d1       100%        6
 Enfeeble                 Hex            0%         N/A       100%        7
 Malign Gateway           Summ/Tloc      0%         N/A       100%        7
 Orb of Destruction       Conj           0%         9d5       100%        7
 Spellforged Servitor     Conj/Summ      0%         N/A       100%        7
 Lehudib's Crystal Spear  Conj/Erth      0%         10d2      100%        8
 Summon Horrible Things   Summ           0%         N/A       100%        8


Dungeon Overview and Level Annotations

Branches:
Dungeon (12/15)            Temple (1/1) D:7            Lair (4/5) D:11
 Shoals (0/4) Lair:3        Snake (0/4) Lair:2          Orc (2/2) D:10
    Elf (0/3) Orc:2         Sewer (visited)          Bailey (visited)
  IceCv (visited)         Volcano (visited)
  Slime: Lair:4-5

Altars:
Ashenzari
Cheibriados
Dithmenos
Elyvilon
Fedhas
Gozag
Hepliaklqana
Kikubaaqudgha
Makhleb
Nemelex Xobeh
Okawaru
Qazlal
Ru
Sif Muna
Trog
Uskayaw
Vehumet
Wu Jian
Xom
Yredelemnul
Zin
The Shining One

Shops:
D:2 ?   D:6 ?   D:11 (   Orc:2 [[:*

Annotations:
D:8 2 transporters
D:11 1 runed translucent door, hackon's ghost, journeyman MiBe
Lair:4 exclusion: oklob plant


Innate Abilities, Weirdness & Mutations

You are too large for most types of armour.
You have claws for hands.
Your natural rate of healing is unusually fast.
You are covered in fur. (AC +1)
You have tough skin. (AC +1)
You are weak. (Str -2)
You occasionally lose the ability to drink potions when taking damage.


Message History

You completely miss the death yak.
Your orange demon stings the death yak but does no damage.
Your orange demon hits the death yak.
The death yak gores your orange demon. The death yak gores you!!
You scratch the death yak.
The death yak is lightly wounded.
Your orange demon stings the death yak!
Your orange demon hits the death yak.
The death yak gores your orange demon!!
Your orange demon dies!
Your orange demon disappears in a puff of smoke!
The death yak gores you! You block the death yak's attack.
You claw the death yak!
The death yak is moderately wounded.
You block the death yak's attack. The death yak gores you!
You claw the death yak!
The death yak is moderately wounded.
The death yak gores you!
The death yak gores you but does no damage.
You block the death yak's attack.
You claw the death yak!
The death yak is severely wounded.
The death yak closely misses you. The death yak gores you!!
You feel threatened and lose the ability to drink potions!
The death yak gores you! The death yak attacks as you move away!
The death yak gores you!!
* * * LOW HITPOINT WARNING * * *
As you read the scroll of fear, it crumbles to dust.
You assume a fearsome visage.
The death yak resists with almost no effort. x3
The death yak gores you!
* * * LOW HITPOINT WARNING * * *
The death yak gores you!!
* * * LOW HITPOINT WARNING * * *
The death yak gores the fungus!
The fungus begins to die.
Okay, then.
Okay, then.
Unknown command.
You cannot drink potions in your current state!
The death yak gores you!
You die...

..#............. .......
#.........###### .......
##.......## .....##
#P#......# .....P#
###....#.# ##.(...
##..#### #...# ##..#
##.Y.# #..## #YYP##
#.+#########@.P####
#.....#.##........#
####.....+.<#..†.....##
#PP#......4#...)........#
....+.....####...........
P####.....## #........###
###........# #..#....##
..#####...## #####....#
.## #..##### ..P##


You could see 3 death yaks.

Vanquished Creatures
  Gastronok (Lair:1)
  An ettin (Orc:1)
  3 hydras
  Erica (D:8)
  3 two-headed ogres
  3 boulder beetles
  A death yak (Lair:4)
  A hell knight (Volcano)
  5 orc high priests
  A salamander mystic (Volcano)
  Pikel (D:8)
  8 orc knights
  An orc sorcerer (Orc:2)
  2 cyclopes (D:12)
  6 salamanders (Volcano)
  2 elephants (Lair:4)
  9 cane toads
  A gargoyle (D:11)
  An unseen horror (D:12)
  Maggie (Lair:2)
  A rime drake (Lair:2)
  4 komodo dragons
  4 merfolk (Lair:3)
  4 trolls
  Grinder (Sewer)
  2 hornets
  A polar bear (Lair:3)
  10 slime creatures (D:12)
  7 blink frogs (Lair:2)
  Sigmund (D:4)
  A shadow (D:11)
  2 spriggans (Bailey)
  3 wraiths
  2 vampires
  6 wyverns
  Grum (D:9)
  A basilisk (Lair:1)
  21 yaks
  A steam dragon (Lair:2)
  4 vampire mosquitoes (D:12)
  7 water moccasins
  4 acid dragons
  30 orc warriors
  An ice beast (D:8)
  3 black bears
  9 ogres
  9 centaurs
  6 wolves
  4 kobold brigands
  2 phantoms
  A lemure (D:8)
  11 bullfrogs
  2 necrophages (D:6)
  6 scorpions
  7 wights
  9 killer bees
  A howler monkey (D:6)
  A jelly (D:6)
  25 orc priests
  A gnoll bouda (D:4)
  2 iguanas
  13 orc wizards
  4 hell rats (Lair:3)
  A wolf simulacrum (IceCv)
  12 gnolls
  An adder (D:4)
  4 shadow imps
  A white imp (D:7)
  7 ufetubi
  A worm (D:3)
  3 dart slugs
  63 orcs
  7 ball pythons
  A bat zombie (Sewer)
  7 endoplasms
  8 giant cockroaches
  9 goblins
  8 hobgoblins
  5 jackals (D:1)
  6 quokkas
  10 bats
  34 kobolds
  2 kobold zombies (Sewer)
  4 rats
481 creatures vanquished.

Vanquished Creatures (collateral kills)
  2 hydras
  An elephant (Lair:4)
  4 orc priests
  11 orcs
18 creatures vanquished.

Vanquished Creatures (others)
  3 fungi
  7 plants
10 creatures vanquished.

Grand Total: 509 creatures vanquished

Notes
Turn   | Place    | Note
-------+----------+-------------------------------------------
     0 | D:1      | DoubleLucky the Troll Fighter began the quest for the Orb.
     0 | D:1      | Reached XP level 1. HP: 22/22 MP: 0/0
    94 | D:1      | Reached XP level 2. HP: 19/29 MP: 1/1
   370 | D:1      | Reached XP level 3. HP: 32/36 MP: 2/2
   567 | D:2      | Found a faded altar of an unknown god.
   591 | D:2      | Found Zutaejubic's Magic Scroll Boutique.
   609 | D:2      | Bought a scroll of identify for 28 gold pieces
  1216 | D:3      | Reached XP level 4. HP: 24/44 MP: 3/3
  1627 | D:4      | Reached skill level 5 in Unarmed Combat
  1631 | D:3      | Reached XP level 5. HP: 37/50 MP: 4/4
  1701 | D:4      | Found a glowing drain.
  1728 | Sewer    | Entered a sewer
  1851 | Sewer    | Found an ancient bone altar of Kikubaaqudgha.
  1909 | Sewer    | Reached XP level 6. HP: 31/61 MP: 5/5
  2042 | Sewer    | Noticed Grinder
  2053 | Sewer    | Paralysed by Grinder for 4 turns
  2066 | Sewer    | Killed Grinder
  2067 | Sewer    | Reached XP level 7. HP: 53/70 MP: 6/6
  2704 | D:4      | Reached skill level 5 in Shields
  2799 | D:4      | Noticed Sigmund
  2809 | D:4      | Killed Sigmund
  3016 | D:5      | Entered Level 5 of the Dungeon
  3103 | D:5      | Reached XP level 8. HP: 74/78 MP: 7/7
  3562 | D:5      | Identified the +9 falchion "Beast's Foe" {speed, Stlth+}
  3935 | D:6      | Found Xevuur's Magic Scroll Boutique.
  3935 | D:6      | You fall into a shaft and drop 1 floor!
  4492 | D:6      | Reached skill level 5 in Fighting
  4677 | D:6      | Reached XP level 9. HP: 82/89 MP: 8/8
  4737 | D:6      | Bought a scroll of magic mapping for 82 gold pieces
  4737 | D:6      | Bought a scroll of identify for 22 gold pieces
  4737 | D:6      | Bought a scroll of identify for 22 gold pieces
  4737 | D:6      | Bought a scroll of identify for 22 gold pieces
  4737 | D:6      | Bought a scroll of identify for 22 gold pieces
  4737 | D:6      | Bought a scroll of identify for 22 gold pieces
  5636 | D:7      | Found a staircase to the Ecumenical Temple.
  5642 | Temple   | Entered the Ecumenical Temple
  5834 | Temple   | Became a worshipper of Makhleb the Destroyer
  6182 | D:8      | Noticed Erica
  6194 | D:8      | HP: 3/92 [Erica/+2 scimitar of flaming (9)]
  6194 | D:8      | HP: 1/92 [Erica/+2 scimitar of flaming (2)]
  6195 | D:8      | Killed Erica
  6200 | D:8      | HP: 2/96 [poisoned by Erica (bolt of poison)]
  6404 | D:8      | Found a transporter.
  6406 | D:8      | Found a transporter.
  6515 | D:8      | Noticed Pikel
  6525 | D:8      | Killed Pikel
  6526 | D:8      | Reached XP level 10. HP: 104/104 MP: 9/9
  6750 | D:8      | Found a transporter.
  6827 | D:8      | Found a transporter.
  7054 | D:8      | Reached skill level 10 in Shields
  7421 | D:9      | Noticed Grum
  7448 | D:9      | Killed Grum
  7626 | D:9      | Reached * piety under Makhleb
  7711 | D:10     | Entered Level 10 of the Dungeon
  7814 | D:10     | Noticed a two-headed ogre
  7834 | D:10     | Killed a two-headed ogre
  7835 | D:10     | Reached skill level 1 in Throwing
  7870 | D:10     | Found a flagged portal.
  7879 | Bailey   | Entered a bailey
  8061 | Bailey   | HP: 2/104 [spriggan/+0 spear (10)]
  8286 | D:10     | Reached skill level 5 in Throwing
  8395 | D:10     | Identified the amulet of Twilight {Reflect Str+3 Int+7
                  | SH+5}
  8423 | D:10     | Reached XP level 11. HP: 111/111 MP: 10/10
  8453 | D:10     | HP: 5/111 [killer bee (5)]
  8569 | D:10     | Identified the +9 whip of Diur {vorpal, rElec rF+ rC-
                  | Str+3}
  8589 | D:10     | Reached ** piety under Makhleb
  8704 | D:10     | Found a blossoming altar of Fedhas.
  8704 | D:10     | Found an iron altar of Okawaru.
  8859 | D:10     | Found a staircase to the Orcish Mines.
  9077 | D:11     | Found a runed translucent door.
  9078 | D:11     | Noticed hackon's ghost (journeyman MiBe)
  9078 | D:11     | Noticed a boulder beetle
  9354 | D:11     | Found Setaworo's Antique Weapon Boutique.
  9454 | D:11     | Found a staircase to the Lair.
  9517 | D:11     | Reached skill level 10 in Unarmed Combat
  9524 | D:11     | Reached skill level 1 in Invocations
  9558 | D:11     | Identified the +8 rapier "Spider's Funeral" {vorpal, Str+4
                  | Int+8 Dex+4}
  9610 | D:11     | Noticed a boulder beetle
  9622 | D:11     | Killed a boulder beetle
  9776 | D:11     | Noticed a boulder beetle
  9806 | D:11     | Killed a boulder beetle
  9839 | D:11     | Noticed a two-headed ogre
  9881 | D:11     | Killed a two-headed ogre
  9956 | D:11     | Reached skill level 5 in Invocations
 10317 | D:12     | Reached *** piety under Makhleb
 10329 | D:12     | Reached skill level 1 in Armour
 10697 | D:12     | Reached XP level 12. HP: 77/119 MP: 15/15
 10893 | D:12     | Noticed a six-headed hydra
 10930 | D:12     | Killed a three-headed hydra
 11309 | Lair:1   | Entered Level 1 of the Lair of Beasts
 11351 | Lair:1   | Found a frozen archway.
 11358 | IceCv    | Entered an ice cave
 11531 | Lair:1   | Noticed Gastronok
 11565 | Lair:1   | Killed Gastronok
 12176 | Lair:2   | Noticed a four-headed hydra
 12361 | Lair:2   | Killed a one-headed hydra
 12457 | Lair:2   | Found a staircase to the Snake Pit.
 12497 | Lair:2   | Reached skill level 10 in Invocations
 12546 | Lair:2   | Noticed Maggie
 12559 | Lair:2   | Killed Maggie
 12973 | Lair:2   | Reached **** piety under Makhleb
 13227 | Lair:3   | Noticed an eight-headed hydra
 13350 | Lair:3   | Killed a one-headed hydra
 13537 | Lair:3   | Reached XP level 13. HP: 93/131 MP: 19/19
 13768 | Lair:3   | Found a dark tunnel.
 13774 | Volcano  | Entered a volcano
 14019 | Volcano  | Reached skill level 10 in Fighting
 14447 | Lair:3   | Found a staircase to the Shoals.
 15389 | Orc:1    | Entered Level 1 of the Orcish Mines
 15502 | Orc:1    | Noticed an ettin
 15525 | Orc:1    | Killed an ettin
 16025 | Orc:2    | Entered Level 2 of the Orcish Mines
 16060 | Orc:2    | Reached ***** piety under Makhleb
 16693 | Orc:2    | Found a staircase to the Elven Halls.
 18205 | Orc:2    | Gained mutation: You occasionally lose the ability to drink
                  | potions when taking damage. [a neqoxec]
 18209 | Orc:2    | Gained mutation: You are weak. (Str -2) [a neqoxec]
 18446 | Orc:2    | Found Xiczunab's Antique Armour Shop.
 18446 | Orc:2    | Found Qumu's Armour Shop.
 18447 | Orc:2    | Found Lodeppiv's Book Boutique.
 18447 | Orc:2    | Found Yfiy's Assorted Antiques.
 18457 | Orc:2    | Bought a potion of haste for 300 gold pieces
 18556 | Orc:2    | Reached XP level 14. HP: 91/143 MP: 22/22
 19182 | Lair:4   | Found a burning altar of Makhleb.
 19618 | Lair:4   | HP: 1/143 [death yak (19)]
 19619 | Lair:4   | Mangled by a death yak

Illustrated notes

Levels and vault maps discovered:
D:1:      lemuel_arrival_hallway, layout_basic, serial_glass, glass_columns_c,
          glass_columns_a, feat_on_display
D:2:      layout_loops_ring, hellmonk_ecumenical_altar_heavens_door,
          serial_shops, nicolae_diamond_shop
D:3:      layout_basic
D:4:      layout_loops_ring, portal_sewer_entry_f, kennysheep_diamond,
          uniq_sigmund
D:5:      layout_loops_corners, hangedman_abyss_or_decor_slice
D:6:      layout_loops_cross, serial_shops, nicolae_stop_n_shop_1,
          kennysheep_pointless_box
D:7:      layout_rooms, minmay_temple_entry_enclosed_plants,
          serial_co_window_serial, co_window_corner_a, co_window_corner_a,
          co_window_corner_a, co_window_corner_a, co_window_corner_a,
          co_window_corner_ca, co_window_of_opportunity_b, co_window_broadway_c,
          co_window_4corner_a, co_window_sun, glass_columns_a, glass_columns_a,
          glass_columns_a, glass_columns_b
D:8:      layout_loops_ring, nicolae_diode_intersection, uniq_pikel, uniq_erica
D:9:      layout_basic, uniq_grum
D:10:     layout_small_grid, jmf_multi_god_temple, david_orc_2, enter_bailey_8
D:11:     layout_loops_cross, david_lair_shrubbed, ebering_ghost_inner_flame,
          serial_shops, shop
D:12:     layout_roguey
Temple:   nicolae_temple_slightly_damp_pantheon
Lair:1:   layout_roguey, portal_ice_cave_entry_pillars_1, uniq_gastronok
Lair:2:   layout_chaotic_city, dummy_snake_entry, uniq_maggie
Lair:3:   layout_long_grid, elwin_shoals_entry_stream,
          nicolae_volcano_entry_s_turn
Lair:4:   layout_roguey, basic_altar, grunt_megastairs_4
Orc:1:    layout_diamond_mine, rock_pile
Orc:2:    st_orc_pillars, layout_caves, david_defended_altar_orc

Skill      XL: |  1  2  3  4  5  6  7  8  9 10 11 12 13 14 |
---------------+-------------------------------------------+-----
Unarmed Combat | 3 4 5 6 8 10 12 | 12.0
Fighting       | 3 4 5 8 9 10 | 10.0
Shields        | 4 6 8 9 10 | 10.0
Throwing       | 6 7 |  7.6
Invocations    | 6 10 12 | 12.0
Armour         | 3 4 |  4.0
Dodging        | |  2.4

Action                   |  1- 3 |  4- 6 |  7- 9 | 10-12 | 13-15 || total
-------------------------+-------+-------+-------+-------+-------++-------
Melee: Unarmed           |   121 |   180 |   278 |   587 |   439 ||  1605
       Punch             |       |     7 |       |       |       ||     7
       Hand axe          |       |       |       |    17 |     9 ||    26
Throw: Dart              |       |       |    20 |   114 |   204 ||   338
       Stone             |       |       |       |     3 |       ||     3
Invok: Lesser Servant of |       |       |       |     4 |     6 ||    10
       Minor Destruction |       |       |       |       |     2 ||     2
  Use: Scroll            |     1 |       |     9 |     9 |     7 ||    26
       Potion            |       |     1 |    10 |     4 |     5 ||    20
 Stab: Sleeping          |     1 |       |       |       |       ||     1
       Distracted        |       |       |       |     1 |     1 ||     2
Armor: Robe              |    43 |    79 |    54 |    27 |       ||   203
       Acid dragon scale |       |       |       |    70 |   109 ||   179
Dodge: Dodged            |    81 |   114 |    89 |   168 |   104 ||   556
Block: Kite shield       |       |       |    85 |   380 |   361 ||   826
       Reflection        |       |       |       |    12 |    25 ||    37
